AoeStats
← catchchez

Golden Pit

509549577Analyzed
1v1 RM · 6d ago on Sep 27, 2026· 28m 24s· 2 players
Game mode
Random Map
Map size
Tiny (2 player)
Population
200
Speed
Normal
Resources
Standard
Victory
Conquest
Starting age
Dark Age
Ending age
Imperial Age
RankedLock teamsTeams togetherTeam positionsShared explorationLock speedFull tech treeHidden civsTurbo modeCheats
Victory
Defeat
🇮🇳 Britons · India
692
+16
🇨🇱 Malay · Chile
696
-16
catchchez
1:23 Loom
10:35 Feudal Age
10:44 Man-at-Arms
20:42 Fletching
25:45 Castle Age
PoncHo
11:09 Feudal Age
12:22 Loom
25:38 Castle Age
Connection lost

Rejoining the realm…

Still unreachable

The connection could not be restored.

Session expired

The server has moved on; the page needs a fresh start.